cohdb
Replays
Latest Replays
All Replays
Popular Replays
Top Player Replays
Match Explorer
How It Works
Community
CoH3 Stats
Reddit
Sign in to upload your games and track your stats! →
Sign in with Steam
Match 19726554
Unlisted
Match 19726554
Overview
Messages
Build Orders
End
Selects Italian Coastal Battlegroup
Selects Coastal Reserves
Coastal Reserve
Construct Infanterie Kompanie
MG 42 Machine Gun Team
Coastal Reserve
MG 42 Machine Gun Team
Construct Luftwaffe Kompanie
Jäger Squad
Selects Designate Defensive Line
Designate Defensive Line
Jäger Squad
Medical Station
Support Elements
Wirbelwind Flakpanzer
Wirbelwind Flakpanzer
Luftwaffe Officer Quarters
Pioneer Squad
Jäger Squad
Selects Rapid Fortifications
Selects Bulwark
Rapid Fortifications
MG 42 Bunker
Wirbelwind Flakpanzer
Selects Artillery Officer
Demi
panzerhenk
ZEBRAS ARE PAINTED HORSES
MonoChrome
0
0
Comments
sign in to comment!
No comments posted yet!